 Dungeon Crawl Stone Soup version 0.30.0-29-ga12c61a403 (webtiles) character file.

Game seed: 7054453640333863901

169 LustLizard the Ruffian (level 5, 0/40 HPs)
             Began as a Demigod Transmuter on June 23, 2023.
             Splashed by a jelly's acid (5 damage)
             ... on level 4 of the Dungeon.
             The game lasted 00:03:21 (2649 turns).

LustLizard the Ruffian (Demigod Transmuter)         Turns: 2649, Time: 00:03:22

Health: 0/40       AC: -2    Str: 15    XL:     5   Next: 4%
Magic:  10/11      EV: 12    Int: 15    God:
Gold:   213        SH:  0    Dex: 14    Spells: 5/8 levels left

rFire   . .          .
                       - Unarmed
rCold   + . .        (no shield)
rNeg    . . .        a - +0 robe
rPois   .            r - melded +1 helmet
rElec   .            (no cloak)
rCorr   .            (no gloves)
SInv    .            (boots currently unavailable)
Will    +....        (no amulet)
Stlth   +            j - ring of protection from cold
HPRegen 0.26/turn    s - ring of willpower
MPRegen 0.12/turn

%: no passive effects
@: appendages, corroded
A: horns 2, talons 2, high MP 1, forlorn, divine attributes
a: End Transformation


You were on level 4 of the Dungeon.
You had temporarily grown beastly horns and talons.
You visited 1 branch of the dungeon, and saw 4 of its levels.

You collected 213 gold pieces.

Inventory:

Armour
 a - a +0 robe (worn)
 r - a +1 helmet (melded)
Jewellery
 j - a ring of protection from cold (left hand)
 s - a ring of willpower (right hand)
Scrolls
 e - a scroll of teleportation {unknown}
 k - 2 scrolls of identify {unknown}
 m - a scroll of fog {unknown}
 n - 2 scrolls of silence
 q - a scroll of fear {unknown}
Potions
 b - a potion of lignification
 c - a potion of heal wounds {unknown}
 d - 5 potions of degeneration {unknown}
 f - a potion of attraction {unknown}
 g - 4 potions of mutation {unknown}
 h - 2 potions of invisibility {unknown}
 i - a potion of flight {unknown}
 l - 2 potions of experience {unknown}
 o - a potion of curing {unknown}
 p - a potion of might {unknown}


   Skills:
 + Level 1.6 Fighting
 + Level 2.3 Dodging
 * Level 3.6 Unarmed Combat
 + Level 2.3 Spellcasting
 * Level 3.3 Transmutations


You had 5 spell levels left.
You knew the following spells:

 Your Spells              Type           Power      Damage    Failure   Level
a - Beastly Appendage     Tmut           22%        N/A       5%          1
b - Wereblood             Tmut           11%        N/A       9%          2

Your spell library contained the following spells:

 Spells                   Type           Power      Damage    Failure   Level
 Spider Form              Tmut/Pois      6%         N/A       32%         3
 Ice Form                 Ice/Tmut       6%         N/A       73%         4


Dungeon Overview and Level Annotations

Branches:
Dungeon (4/15)
 Temple: D:4-7


Innate Abilities, Weirdness & Mutations

You have temporarily grown beastly horns and talons.
You have an increased reservoir of magic. (+10% MP)
You shall have no god before yourself.
Your divine heritage dramatically boosts your attributes as you level up.


Message History

A ball python comes into view.
A ball python is nearby!
The ball python hisses angrily.
You miscast Beastly Appendage.
You are very lightly contaminated with residual magic.
Nothing appears to happen.
Found a fuming inky potion.
The ball python barely misses you. The ball python grabs you.
The ball python constricts you.
You hit the ball python.
You kill the ball python!
No target in view!
Your magical contamination has completely faded away.
A jelly comes into view.
Found a trident.
A jelly is nearby!
A jelly is nearby!
The jelly quivers.
You grow a pair of large bovine horns.
Your feet morph into talons.
Your +1 helmet melds into your body.
You hit the jelly.
Your hands burn!
The jelly is moderately wounded.
The jelly completely misses you.
You hit the jelly. The acid corrodes you!
Your hands burn!
You claw the jelly.
The jelly is moderately wounded.
The jelly hits you.
You are splashed with acid!
You hit the jelly.
Your hands burn!
You claw the jelly.
The jelly is heavily wounded.
The jelly barely misses you.
You completely miss the jelly. You claw the jelly.
The jelly is heavily wounded.
The jelly hits you.
You are splashed with acid!
You are too injured to fight recklessly!
You barely miss the jelly. Your kick misses the jelly. You headbutt the jelly.
The jelly is severely wounded.
The jelly hits you.
* * * LOW HITPOINT WARNING * * *
You are splashed with acid!
* * * LOW HITPOINT WARNING * * *
You hit the jelly.
Your hands burn!
You die...

#.#.######..###........
.......................
......................
#. ######....†.###.##
#......# .# #......+ #
#......# #......#
#@.....# #J!....#
+........ #........#
.......).# ##.#.#...
.#..... ......#


You could see a jelly.

Vanquished Creatures
  An orc wizard (D:3)
  Robin (D:2)
  3 adders
  A dart slug (D:1)
  5 orcs
  6 bats
  3 endoplasms
  4 giant cockroaches
  22 goblins
  6 hobgoblins
  12 jackals
  3 quokkas (D:1)
  10 ball pythons
  4 frilled lizards
  3 kobolds
  2 rats (D:1)
86 creatures vanquished.

Notes
Turn   | Place    | Note
-------+----------+-------------------------------------------
     0 | D:1      | LustLizard the Demigod Transmuter began the quest for the
                  | Orb.
     0 | D:1      | Reached XP level 1. HP: 15/15 MP: 5/5
   145 | D:1      | Reached skill level 1 in Fighting
   227 | D:1      | Reached XP level 2. HP: 23/23 MP: 5/7
   318 | D:1      | Learned a level 2 spell: Wereblood
   806 | D:1      | Reached XP level 3. HP: 8/28 MP: 4/8
  1653 | D:3      | Noticed Robin
  1661 | D:2      | Killed Robin
  1662 | D:2      | Reached XP level 4. HP: 28/35 MP: 5/9
  2551 | D:4      | Reached XP level 5. HP: 40/40 MP: 11/11
  2649 | D:4      | Splashed by a jelly's acid

Illustrated notes

Levels and vault maps discovered:
D:1:      dpeg_arrival_pits, layout_loops_ring,
          ebering_ecumenical_altar_sacrificial
D:2:      cheibrodos_greedy_goblins, layout_basic
D:3:      layout_loops_ring, uniq_robin
D:4:      layout_basic, gammafunk_ghost_cemetery

Skill      XL: |  1  2  3  4 |
---------------+-------------+-----
Fighting       | 1 |  1.6
Transmutations | 2 3 |  3.3
Unarmed Combat | 3 |  3.6
Spellcasting   | 2 |  2.3
Dodging        | 2 |  2.3

Action                     |  1- 3 |  4- 6 || total
---------------------------+-------+-------++-------
  Melee: Unarmed           |   124 |    73 ||   197
         Kick              |    31 |    18 ||    49
         Headbutt          |    20 |     9 ||    29
         Punch             |     2 |       ||     2
   Cast: Beastly Appendage |    31 |    13 ||    44
         Wereblood         |     2 |       ||     2
    Use: Scroll            |       |     1 ||     1
   Stab: Sleeping          |     2 |       ||     2
 Armour: Robe              |    34 |    12 ||    46
  Dodge: Dodged            |    94 |    43 ||   137
